omghax, neutral male scurrid Tourist ------------------------ ---------------------- |....................... ..e...........%......| |....Z...k......n....... .?.............}}.....| ---------......}}}}%............---------.....}}}}.....}}}}.....--------- |}}}..%..}}}..}}}}}}..........}}}}`f.......}}}..}}.%..}}r..}}}}.}}}}}}}}| |}}}....}}.}}}}....}}...}}[..}}.e}}}}}..}}}}d.<.......}}.Z..}}}}}}...}}}| |}}}}}}}.........B..}}}}}.}}}......i}}}}}}}...........f}}.............}}| |}}}}}..............`}}.......ec...&@.}}...}...........?}...........}}}}| ---------.......................--------- ..}........}}}}h......--------- |.......>............... }}....}}}.}.......(| -........}}}}....}}...(. }}}............- .........}}}.*.......}}}... ......%}}}..%... |}}}}........}}}.............}. .}}}...}}}....}}}| |}}}}}}}}..}}}.}}}}}}.........} .......}}}}}}}| |}}}}}}..}}}..*.....}}}...}}}}( ......}}}}}| ---------..............}}}..... --------- |...................... |...................... ----------------------- omghax the Rambler Experience level: 1 Strength: 15 Dexterity: 10 Constitution: 13 Intelligence: 12 Wisdom: 7 Charisma: 18 Health: 9(9) Energy: 2(2) Def: 0 Gold: 561 Moves: 39 Dungeon seed: 1m5fOns94zc1VZLr Game ID: omghax_1498613792 Your Inventory: Coins $ - 561 gold pieces Weapons a - 54 uncursed very rusty +2 darts (in quiver) Armor n - an uncursed +0 Hawaiian shirt (being worn) Comestibles b - 10 uncursed food rations c - 2 uncursed tripe rations d - an uncursed banana Scrolls f - 4 uncursed scrolls of blank paper k - an uncursed scroll of blank paper Potions e - 2 uncursed diluted potions of extra healing Wands i - an uncursed wand of secret door detection (0:12) Tools g - an uncursed expensive camera (0:95) h - an uncursed credit card j - an uncursed leash Spells and supernatural/magical abilities: Name Level Category Fail Memory W - pray for help -- divine ? -- Your skills at the end: Miscellaneous Skills wands [Basic] Weapon Skills dart [Basic] Spellcasting Skills Final Attributes: You were devoutly aligned. You had infravision. You were very stealthy. You survived. Vanquished creatures: a giant rat Voluntary challenges: You went without food. You did not adorn yourself with jewelry or accessories. You did not cause conflict. You were not invisible. You did not have reflection. You were not displaced. You were an atheist. You never hit with a wielded weapon. You were a pacifist. You did not use tools. You did not use plumbed fixtures. You did not drink any magical draughts. You were illiterate. You never genocided any monsters. You never polymorphed an object. You never changed form. You used no wishes. You never split a pudding. You never wrote Elbereth's name. You never violated your personal moral code. Dungeon overview: The Dungeons of Doom: levels 1 to 14 Level 1 a long staircase Level 2 a delicatessen Level 3 Level 4 a fountain Level 5 Level 6 Level 7 Level 8 Level 9 Level 10 Level 11 Level 12 Level 13 Level 14 <- You were here History has recorded: On T:1 you entered the Dungeons of Doom to retrieve the Amulet of Yendor! On T:4 you reached level 2 of The Dungeons of Doom. On T:7 you reached level 3 of The Dungeons of Doom. On T:9 you reached level 4 of The Dungeons of Doom. On T:11 you reached level 5 of The Dungeons of Doom. On T:13 you reached level 6 of The Dungeons of Doom. On T:16 you reached level 7 of The Dungeons of Doom. On T:18 you reached level 8 of The Dungeons of Doom. On T:20 you reached level 9 of The Dungeons of Doom. On T:22 you reached level 10 of The Dungeons of Doom. On T:26 you reached level 11 of The Dungeons of Doom. On T:28 you reached level 12 of The Dungeons of Doom. On T:31 you reached level 13 of The Dungeons of Doom. On T:33 you reached level 14 of The Dungeons of Doom. Score breakdown: Gold: 0 ( 0 points) Experience: 1 level ( 0 points) Exploration: 14 levels ( 390 points) Discoveries: 1 item ( 50 points) Variety of kills: 1 monster ( 50 points) Major goal: (nothing yet) ( 0 points) Survival: quit (score multiplied by 3) Total score: 1470 Latest messages: You start digging downward. You continue digging downward. As you dig, the hole fills with water! You fall into the water! You sink like a rock. Your darts rust! You try to crawl out of the water. Pheew! That was close. That command is only available in debug mode. You have no weapon equipped. You start digging downward. You continue digging downward. You dig a pit in the floor. You continue digging downward. As you dig, the hole fills with water! You fall into the water! You sink like a rock. Your darts rust further! You try to crawl out of the water. Pheew! That was close. That command is only available in debug mode. Final status: Aloha omghax the Tourist, quit... You quit in The Dungeons of Doom on dungeon level 14 with 1470 points, and 561 pieces of gold, after 39 moves. You were level 1 with a maximum of 9 hit points when you quit.